[ AOE2 MATCH · #513727474 ]
UnrankedAztecs vs Ethiopians
Player's team · WIN
[ REPLAY ANALYSIS · EXTRACTED FROM THE RECORDED GAME ]
Feudal
13:19
Castle
17:46
Imperial
41:53
| APM avg | 51.8 |
| APM peak | 82 |
| eAPM avg | 25.6 |
| Villagers / military | 155 / 185 |
Focus
⚔️ 35.9% · 🌾 64.1%
Spearman ×69 · Eagle Scout ×46 · Monk ×42 · Skirmisher ×9 · Militia ×7 · Trebuchet (Packed) ×6
Feudal
9:43
Castle
22:22
Imperial
49:14
| APM avg | 34.3 |
| APM peak | 73 |
| eAPM avg | 20.2 |
| Villagers / military | 147 / 114 |
Focus
⚔️ 28.9% · 🌾 71.1%
Scout Cavalry ×39 · Archer ×23 · Militia ×22 · Shotel Warrior ×18 · Scorpion ×6 · Mangonel ×4
Match map
Initial resources + every placement click. Lines = walls · curves = elevation contours. ◆ gold · ⬟ stone · ● berries · ✦ relic · ◌ wall gap
Your base· ✓ Closed at 17:46 · 75t walls · no gate
El_Dogor's base· Open — unwalled flank
Smoothed initial terrain · ◌ = detected wall gap · hover for details
Inputs per minute
— ajbdkla3652 - - El_Dogor
Build order — ajbdkla3652
First 150 of 532 actions detected
| 0:00 | Queue | Villager (Male) |
| 0:02 | Build | House |
| 0:04 | Build | House |
| 0:07 | Queue | Villager (Male) |
| 0:13 | Queue | Villager (Male) |
| 0:17 | Queue | Villager (Male) |
| 1:15 | Queue | Villager (Male) |
| 1:57 | Build | Lumber Camp |
| 2:08 | Queue | Villager (Male) |
| 2:08 | Queue | Villager (Male) |
| 2:54 | Queue | Villager (Male) |
| 2:54 | Queue | Villager (Male) |
| 2:58 | Queue | Villager (Male) |
| 3:04 | Build | House |
| 3:34 | Queue | Villager (Male) |
| 4:06 | Queue | Villager (Male) |
| 4:10 | Queue | Villager (Male) |
| 4:46 | Queue | Villager (Male) |
| 4:46 | Queue | Villager (Male) |
| 4:59 | Build | Barracks |
| 5:42 | Queue | Villager (Male) |
| 5:46 | Build | Mill |
| 5:53 | Queue | Militia |
| 5:55 | Queue | Villager (Male) |
| 5:58 | Build | House |
| 6:26 | Queue | Militia |
| 6:39 | Queue | Militia |
| 6:50 | Build | House |
| 6:53 | Research | Loom |
| 7:06 | Queue | Villager (Male) |
| 7:18 | Queue | Villager (Male) |
| 7:27 | Build | Palisade Wall |
| 7:31 | Build | Palisade Wall |
| 7:49 | Queue | Villager (Male) |
| 7:59 | Queue | Villager (Male) |
| 8:13 | Queue | Villager (Male) |
| 8:47 | Queue | Villager (Male) |
| 8:54 | Build | Palisade Wall |
| 8:59 | Build | Palisade Wall |
| 9:01 | Build | Palisade Wall |
| 9:02 | Queue | Villager (Male) |
| 9:10 | Build | House |
| 9:13 | Build | Palisade Gate |
| 9:14 | Build | Palisade Wall |
| 9:19 | Build | Palisade Wall |
| 9:27 | Queue | Villager (Male) |
| 9:36 | Build | Mill |
| 9:39 | Queue | Villager (Male) |
| 9:45 | Build | Mining Camp |
| 9:55 | Queue | Villager (Male) |
| 10:15 | Queue | Villager (Male) |
| 10:23 | Build | House |
| 10:24 | Queue | Villager (Male) |
| 10:42 | Build | Farm |
| 11:10 | Research | Feudal Age |
| 11:15 | Build | Farm |
| 11:18 | Build | Farm |
| 11:23 | Build | Farm |
| 11:41 | Build | Farm |
| 12:08 | Build | Farm |
| 12:09 | Queue | Villager (Male) |
| 12:09 | Queue | Villager (Male) |
| 13:19 | Age | Feudal Age |
| 13:30 | Build | Market |
| 13:33 | Build | Blacksmith |
| 13:41 | Queue | Eagle Scout |
| 14:11 | Build | Palisade Wall |
| 14:21 | Build | House |
| 14:30 | Build | Palisade Wall |
| 14:55 | Build | Farm |
| 15:06 | Research | Castle Age |
| 16:08 | Build | Archery Range |
| 16:11 | Queue | Eagle Scout |
| 16:36 | Build | Stone Wall |
| 16:49 | Queue | Skirmisher |
| 16:50 | Queue | Skirmisher |
| 17:46 | Age | Castle Age |
| 17:46 | Research | Scale Mail Armor |
| 17:50 | Build | Monastery |
| 18:13 | Research | Eagle Warrior (upgrade) |
| 18:21 | Queue | Monk |
| 18:24 | Build | Farm |
| 18:29 | Queue | Eagle Scout |
| 18:32 | Queue | Skirmisher |
| 18:39 | Build | House |
| 18:41 | Build | Stone Wall |
| 18:51 | Queue | Villager (Male) |
| 18:51 | Queue | Villager (Male) |
| 19:12 | Queue | Eagle Scout |
| 19:47 | Queue | Villager (Male) |
| 19:48 | Queue | Monk |
| 19:52 | Queue | Monk |
| 19:52 | Queue | Monk |
| 19:59 | Queue | Villager (Male) |
| 20:05 | Queue | Skirmisher |
| 20:15 | Queue | Eagle Scout |
| 20:15 | Queue | Eagle Scout |
| 20:23 | Build | Monastery |
| 20:33 | Queue | Villager (Male) |
| 20:34 | Queue | Monk |
| 20:56 | Queue | Villager (Male) |
| 21:09 | Queue | Monk |
| 21:09 | Queue | Monk |
| 21:15 | Queue | Villager (Male) |
| 21:47 | Queue | Eagle Scout |
| 21:47 | Queue | Eagle Scout |
| 22:03 | Research | Fervor |
| 22:08 | Queue | Monk |
| 22:08 | Queue | Monk |
| 22:09 | Queue | Monk |
| 22:31 | Queue | Villager (Male) |
| 22:34 | Build | House |
| 22:35 | Build | House |
| 22:36 | Queue | Villager (Male) |
| 22:36 | Queue | Villager (Male) |
| 23:15 | Queue | Villager (Male) |
| 23:17 | Research | Sanctity |
| 23:46 | Queue | Villager (Male) |
| 23:52 | Build | Siege Workshop |
| 23:57 | Queue | Villager (Male) |
| 24:29 | Queue | Monk |
| 24:29 | Research | Redemption |
| 24:29 | Queue | Monk |
| 24:30 | Queue | Villager (Male) |
| 24:31 | Queue | Villager (Male) |
| 24:33 | Build | House |
| 24:35 | Queue | Villager (Male) |
| 24:39 | Queue | Eagle Scout |
| 24:39 | Queue | Eagle Scout |
| 24:43 | Queue | Monk |
| 24:59 | Build | Mining Camp |
| 25:00 | Queue | Villager (Male) |
| 25:02 | Queue | Monk |
| 25:05 | Queue | Monk |
| 25:15 | Build | House |
| 25:15 | Build | House |
| 25:16 | Build | House |
| 25:19 | Build | House |
| 25:22 | Build | Palisade Wall |
| 25:25 | Build | Palisade Wall |
| 25:34 | Queue | Mangonel |
| 25:46 | Queue | Villager (Male) |
| 26:04 | Queue | Eagle Scout |
| 26:05 | Research | Squires |
| 26:24 | Queue | Villager (Male) |
| 26:57 | Queue | Villager (Male) |
| 26:58 | Queue | Monk |
| 26:58 | Queue | Monk |
| 27:05 | Queue | Villager (Male) |
| 27:35 | Build | Lumber Camp |
Build order — El_Dogor
First 150 of 395 actions detected
| 0:01 | Queue | Villager (Male) ×4 |
| 0:02 | Build | House |
| 0:03 | Build | House |
| 1:27 | Queue | Villager (Male) |
| 1:54 | Queue | Villager (Male) |
| 2:19 | Queue | Villager (Male) |
| 2:39 | Build | Lumber Camp |
| 2:45 | Queue | Villager (Male) |
| 3:03 | Build | House |
| 3:10 | Queue | Villager (Male) |
| 3:37 | Queue | Villager (Male) |
| 3:49 | Queue | Villager (Male) |
| 4:27 | Build | Palisade Wall |
| 4:36 | Build | House |
| 4:39 | Queue | Villager (Male) |
| 4:41 | Queue | Villager (Male) |
| 5:19 | Queue | Villager (Male) |
| 5:19 | Queue | Villager (Male) |
| 5:19 | Queue | Villager (Male) |
| 6:00 | Build | Barracks |
| 6:07 | Research | Loom |
| 6:53 | Build | Mining Camp |
| 7:33 | Research | Feudal Age |
| 7:33 | Research | Feudal Age |
| 7:58 | Build | Palisade Wall |
| 8:01 | Build | Palisade Wall |
| 8:02 | Queue | Militia |
| 8:27 | Build | House |
| 8:31 | Queue | Militia |
| 9:03 | Build | Palisade Wall |
| 9:08 | Build | Mill |
| 9:40 | Queue | Villager (Male) |
| 9:43 | Age | Feudal Age |
| 10:00 | Queue | Villager (Male) |
| 10:13 | Build | Archery Range |
| 10:19 | Queue | Villager (Male) |
| 10:24 | Research | Double-Bit Axe |
| 10:30 | Build | Farm |
| 10:38 | Build | Farm |
| 10:44 | Build | Farm |
| 10:59 | Queue | Villager (Male) |
| 11:22 | Queue | Archer |
| 11:23 | Queue | Archer |
| 11:23 | Queue | Archer |
| 11:33 | Queue | Villager (Male) |
| 11:39 | Build | Archery Range |
| 11:50 | Build | Farm |
| 11:55 | Queue | Villager (Male) |
| 12:02 | Build | Farm |
| 12:08 | Queue | Archer |
| 12:24 | Build | House |
| 12:35 | Queue | Villager (Male) |
| 12:38 | Build | Farm |
| 12:42 | Queue | Archer |
| 12:56 | Queue | Villager (Male) |
| 12:59 | Build | House |
| 13:18 | Build | Palisade Wall |
| 13:19 | Build | Palisade Wall |
| 13:46 | Queue | Villager (Male) |
| 13:48 | Queue | Archer ×5 |
| 14:05 | Queue | Villager (Male) |
| 14:05 | Queue | Villager (Male) |
| 14:07 | Build | Farm |
| 14:19 | Build | House |
| 14:20 | Build | House |
| 14:29 | Queue | Archer |
| 15:01 | Queue | Villager (Male) |
| 15:01 | Queue | Villager (Male) |
| 15:05 | Queue | Archer |
| 15:09 | Build | Blacksmith |
| 15:34 | Queue | Villager (Male) |
| 15:45 | Research | Fletching |
| 15:49 | Build | House |
| 15:51 | Build | House |
| 16:27 | Queue | Villager (Male) |
| 16:27 | Queue | Villager (Male) |
| 16:28 | Build | Farm |
| 16:30 | Build | Farm |
| 16:30 | Build | Farm |
| 16:31 | Build | Farm |
| 16:31 | Build | Farm |
| 16:31 | Build | Farm |
| 16:32 | Build | Farm |
| 16:38 | Queue | Archer |
| 17:32 | Queue | Villager (Male) |
| 17:32 | Queue | Villager (Male) |
| 17:34 | Build | Farm |
| 17:36 | Build | Farm |
| 17:43 | Build | Farm |
| 18:23 | Queue | Villager (Male) |
| 18:33 | Research | Padded Archer Armor |
| 19:42 | Research | Castle Age |
| 20:00 | Queue | Archer ×2 |
| 20:10 | Research | Padded Archer Armor |
| 20:30 | Queue | Archer |
| 20:30 | Queue | Archer |
| 20:54 | Research | Gold Mining |
| 22:03 | Queue | Villager (Male) |
| 22:04 | Queue | Villager (Male) |
| 22:22 | Age | Castle Age |
| 22:34 | Research | Crossbowman (upgrade) |
| 22:36 | Queue | Archer ×5 |
| 22:44 | Build | Town Center |
| 23:05 | Research | Bodkin Arrow |
| 23:12 | Research | Bow Saw |
| 23:13 | Queue | Villager (Male) |
| 23:13 | Queue | Villager (Male) |
| 23:13 | Queue | Villager (Male) |
| 23:30 | Queue | Archer |
| 23:41 | Build | Town Center |
| 24:47 | Research | Scale Mail Armor |
| 24:47 | Research | Forging |
| 24:55 | Research | Man-at-Arms (upgrade) |
| 24:55 | Research | Squires |
| 24:59 | Research | Town Watch |
| 25:01 | Queue | Villager (Male) |
| 25:01 | Queue | Villager (Male) |
| 25:01 | Queue | Villager (Male) |
| 25:03 | Queue | Villager (Male) |
| 25:04 | Queue | Villager (Male) |
| 25:04 | Queue | Villager (Male) |
| 25:17 | Build | Mining Camp |
| 25:22 | Research | Stone Mining |
| 25:31 | Build | House |
| 25:32 | Build | Palisade Wall |
| 25:34 | Queue | Villager (Male) |
| 25:34 | Queue | Villager (Male) |
| 25:34 | Queue | Villager (Male) |
| 25:38 | Queue | Militia ×4 |
| 25:48 | Build | Farm |
| 25:56 | Build | Farm |
| 26:03 | Queue | Villager (Male) |
| 26:03 | Queue | Villager (Male) |
| 26:04 | Queue | Villager (Male) |
| 26:42 | Build | Siege Workshop |
| 26:44 | Research | Long Swordsman (upgrade) |
| 26:52 | Queue | Villager (Male) |
| 26:52 | Queue | Villager (Male) |
| 26:53 | Queue | Villager (Male) |
| 26:53 | Queue | Villager (Male) |
| 26:53 | Queue | Villager (Male) |
| 26:56 | Build | Farm |
| 27:00 | Build | House |
| 27:01 | Build | House |
| 27:15 | Queue | Mangonel |
| 27:29 | Build | Farm |
| 27:31 | Research | Chain Mail Armor |
| 27:45 | Queue | Villager (Male) |
| 27:48 | Queue | Villager (Male) |
| 27:48 | Queue | Villager (Male) |
Match timeline
| 4:27 | El_Dogor · wall_segment Palisade Wall x1 |
| 4:59 | ajbdkla3652 · first_building Barracks |
| 6:00 | El_Dogor · first_building Barracks |
| 7:27 | ajbdkla3652 · wall_segment Palisade Wall x7 |
| 7:31 | ajbdkla3652 · wall_segment Palisade Wall x10 |
| 7:58 | El_Dogor · wall_segment Palisade Wall x1 |
| 8:01 | El_Dogor · wall_segment Palisade Wall x1 |
| 8:54 | ajbdkla3652 · wall_segment Palisade Wall x16 |
| 8:59 | ajbdkla3652 · wall_segment Palisade Wall x6 |
| 9:01 | ajbdkla3652 · wall_segment Palisade Wall x4 |
| 9:03 | El_Dogor · wall_segment Palisade Wall x1 |
| 9:14 | ajbdkla3652 · wall_segment Palisade Wall x1 |
| 9:19 | ajbdkla3652 · wall_segment Palisade Wall x12 |
| 9:43 | El_Dogor · age_up feudal |
| 10:13 | El_Dogor · first_building Archery Range |
| 13:18 | El_Dogor · wall_segment Palisade Wall x1 |
| 13:19 | El_Dogor · wall_segment Palisade Wall x2 |
| 13:19 | ajbdkla3652 · age_up feudal |
| 14:11 | ajbdkla3652 · wall_segment Palisade Wall x8 |
| 14:30 | ajbdkla3652 · wall_segment Palisade Wall x3 |
| 15:00 | ajbdkla3652 · first_market_sell 100 stone |
| 15:01 | ajbdkla3652 · first_market_buy 100 food |
| 16:08 | ajbdkla3652 · first_building Archery Range |
| 16:36 | ajbdkla3652 · wall_segment Stone Wall x8 |
| 17:46 | ajbdkla3652 · age_up castle |
| 17:50 | ajbdkla3652 · first_building Monastery |
| 18:41 | ajbdkla3652 · wall_segment Stone Wall x1 |
| 22:22 | El_Dogor · age_up castle |
| 23:52 | ajbdkla3652 · first_building Siege Workshop |
| 25:22 | ajbdkla3652 · wall_segment Palisade Wall x5 |
| 25:25 | ajbdkla3652 · wall_segment Palisade Wall x6 |
| 25:32 | El_Dogor · wall_segment Palisade Wall x1 |
| 26:42 | El_Dogor · first_building Siege Workshop |
| 29:43 | El_Dogor · first_building Stable |
| 30:37 | ajbdkla3652 · first_building Castle |
| 32:24 | El_Dogor · first_market_buy 100 stone |
| 32:34 | El_Dogor · first_building Castle |
| 34:45 | El_Dogor · first_market_sell 500 wood |
| 41:53 | ajbdkla3652 · age_up imperial |
| 47:04 | El_Dogor · first_building Monastery |
| 49:14 | El_Dogor · age_up imperial |
| 59:47 | El_Dogor · resign |
[ AI ANALYSIS · 1 CREDIT ]
What really happened in this match?
Wolo.gg analyzes every decision: build order, eco, micro, common mistakes by bracket. Personalized analysis on WhatsApp or Discord in 30 seconds.
Civ guide
Aztecs
Perfil
ajbdkla3652